 Dungeon Crawl Stone Soup version 0.31-a0-152-g6aa68a64a1 (webtiles) character file.

Game seed: 16818057608664310873

100 qw the Shooter (level 4, 0/38 HPs)
             Began as a Minotaur Hunter on June 9, 2023.
             Slain by a gnoll bouda
             ... wielding a +0 whip
              (5 damage)
             ... on level 4 of the Dungeon.
             The game lasted 00:00:41 (2095 turns).

qw the Shooter (Minotaur Hunter)                    Turns: 2095, Time: 00:00:41

Health: 0/38       AC:  5    Str: 15    XL:     4   Next: 47%
Magic:  0/3        EV: 11    Int:  6    God:
Gold:   249        SH:  0    Dex: 16    Spells: 3/3 levels left

rFire   . . .        Y - +0 shortbow
rCold   . . .        (shield currently unavailable)
rNeg    . . .        d - +0 ring mail
rPois   .            (helmet restricted)
rElec   .            (no cloak)
rCorr   .            (no gloves)
SInv    .            (no boots)
Will    .....        (no amulet)
Stlth   +            (no ring)
HPRegen 0.26/turn    (no ring)
MPRegen 0.08/turn

%: no passive effects
@: weakened
A: horns 2, retaliatory headbutt
a: no special abilities


You were on level 4 of the Dungeon.
You visited 1 branch of the dungeon, and saw 4 of its levels.

You collected 249 gold pieces.


Innate Abilities, Weirdness & Mutations

You have a pair of horns on your head.
You reflexively headbutt those who attack you in melee.


   Skills:
 - Level 3.0 Fighting
 + Level 5.8 Ranged Weapons
 - Level 2.3 Armour
 - Level 2.1 Dodging
 - Level 0.7 Stealth


You had 3 spell levels left.
You didn't know any spells.
Your spell library was empty.

Inventory:

Hand Weapons
 Y - a +0 shortbow (weapon)
Armour
 d - a +0 ring mail (worn)
Jewellery
 f - a ring of ice
Scrolls
 a - 2 scrolls of identify
Potions
 c - a potion of might
 e - a potion of resistance

Dungeon Overview and Level Annotations

Branches:
Dungeon (4/15)
 Temple: D:4-7

Altars:
Xom


Message History

2083 ||| Stepping ~*~*~tactically~*~*~ (outnumbered).
A gnoll comes into view. It is wielding a +0 antimagic halberd.
You shoot an arrow. The arrow barely misses the gnoll.
The gnoll shouts!
You shoot an arrow.
The arrow hits the gnoll but does no damage.
2087 ||| Stepping ~*~*~tactically~*~*~ (outnumbered).
There are monsters nearby!
You shoot an arrow.
The arrow hits the gnoll but does no damage.
The gnoll is severely wounded.
You shoot an arrow. The arrow barely misses the gnoll.
The gnoll misses you. The gnoll barely misses you.
The gnoll bouda barks out a call to the hunt!
The gnolls pick up the pace!
The gnoll hits you from afar with a +0 spear.
The gnoll misses you.
You hear a shout!
You shoot an arrow. The arrow barely misses the gnoll.
A gnoll comes into view. It is wielding a +0 spear.
The gnoll hits you from afar with a +0 spear.
The gnoll barely misses you.
You shoot an arrow. The arrow closely misses the gnoll.
The gnoll hits you from afar with a +0 spear.
The gnoll hits you from afar with a +0 antimagic halberd!
You feel your power leaking away.
You shoot an arrow. The arrow hits the gnoll.
The gnoll is almost dead.
The gnoll hits you from afar with a +0 spear.
The gnoll bouda gazes fiercely through you!
You feel your attacks grow feeble. The gnoll barely misses you.
You shoot an arrow. The arrow hits the gnoll.
You kill the gnoll!
The gnoll misses you. x2
The gnoll bouda hits you with a +0 whip!
You shoot an arrow.
The arrow closely misses the gnoll bouda.
The gnoll bouda hits you with a +0 whip.
You die...

#### #.. ... #.# #.#
########@##
...g..#.g.###############
#.g)#................
###...###############
##.## # g..g...g#
#########


You could see a gnoll bouda and a gnoll (swift).

Vanquished Creatures
  Terence (D:2)
  A gnoll (D:4)
  An adder (D:2)
  2 dart slugs (D:1)
  An orc (D:3)
  6 ball pythons
  5 endoplasms
  3 giant cockroaches
  8 goblins
  5 hobgoblins
  6 kobolds
  4 bats
  A frilled lizard (D:2)
  6 rats
50 creatures vanquished.

Notes
Turn   | Place    | Note
-------+----------+-------------------------------------------
     0 | D:1      | qw the Minotaur Hunter began the quest for the Orb.
     0 | D:1      | Reached XP level 1. HP: 18/18 MP: 0/0
     0 | D:1      | 0 ||| qw: Version: 0.2-a-122-gbc61b45
     0 | D:1      | 0 ||| qw: Game counter: 3317
     0 | D:1      | 0 ||| qw: Always use a shield: true
     0 | D:1      | 0 ||| qw: God list: Okawaru
     0 | D:1      | 0 ||| qw: Allow faded altars: false
     0 | D:1      | 0 ||| qw: Do Orc after D:15 true
     0 | D:1      | 0 ||| qw: Do second Lair branch before Depths: true
     0 | D:1      | 0 ||| qw: Lair rune preference: random
     0 | D:1      | 0 ||| qw: Plans: Normal
     0 | D:1      | 0 ||| PLANNING D:1-11
   158 | D:1      | Reached XP level 2. HP: 25/25 MP: 1/1
   163 | D:1      | Reached skill level 5 in Ranged Weapons
   331 | D:1      | Reached skill level 3 in Fighting
   617 | D:1      | 617 ||| UPGRADING to +0 ring mail.
   627 | D:1      | 627 ||| DROPPING +0 leather armour.
   628 | D:1      | 628 ||| READING 3 scrolls labelled DUOTIT PUETHAU.
   629 | D:1      | 629 ||| DRINKING 2 fuming cyan potions.
   630 | D:1      | 630 ||| READING 2 scrolls of identify.
   630 | D:1      | 630 ||| IDENTIFYING dark potion
   631 | D:1      | 631 ||| DROPPING scroll of butterflies.
   632 | D:1      | 632 ||| DROPPING potion of attraction.
   633 | D:1      | 633 ||| DROPPING potion of brilliance.
   734 | D:2      | Noticed Terence
   740 | D:2      | Killed Terence
   741 | D:2      | Reached XP level 3. HP: 31/31 MP: 2/2
  1071 | D:2      | Reached XP level 4. HP: 38/38 MP: 3/3
  1342 | D:2      | 1342 ||| READING scroll labelled LALEOKERCHA.
  1343 | D:2      | 1343 ||| READING 4 scrolls of identify.
  1343 | D:2      | 1343 ||| IDENTIFYING emerald potion
  1344 | D:2      | 1344 ||| READING 3 scrolls of identify.
  1344 | D:2      | 1344 ||| IDENTIFYING puce potion
  1345 | D:2      | 1345 ||| READING 2 scrolls of identify.
  1345 | D:2      | 1345 ||| IDENTIFYING inky potion
  1346 | D:2      | 1346 ||| DROPPING potion of enlightenment.
  1446 | D:3      | Found a shimmering altar of Xom.
  1933 | D:3      | 1933 ||| READING scroll labelled KEGYKO FYISK.
  1934 | D:3      | 1934 ||| READING 2 scrolls labelled GYSSAR UFEOMI.
  1935 | D:3      | 1935 ||| READING scroll labelled WUIDWU NEPRE.
  2004 | D:3      | 2004 ||| READING scroll labelled YFRUDY LOSTAETH.
  2005 | D:3      | 2005 ||| DROPPING scroll of vulnerability.
  2083 | D:4      | 2083 ||| Stepping ~*~*~tactically~*~*~ (outnumbered).
  2087 | D:4      | 2087 ||| Stepping ~*~*~tactically~*~*~ (outnumbered).
  2094 | D:4      | HP: 5/38 [gnoll bouda/+0 whip (10)]
  2095 | D:4      | Slain by a gnoll bouda

Levels and vault maps discovered:
D:1:      dpeg_arrival_rooms_b, layout_basic, supply_closet_lemuel
D:2:      minmay_recursive_quarters, layout_loops_ring, uniq_terence
D:3:      layout_loops_ring, marbit_many_paths
D:4:      layout_loops_ring, lemuel_round_altar, minmay_temple_entry_ruins

Skill      XL: |  1  2 |
---------------+-------+-----
Ranged Weapons | 5 |  5.8
Fighting       | 3 |  3.0
Armour         | 2 |  2.3
Dodging        | |  2.1
Stealth        | |  0.7

Action                     |  1- 3 |  4- 6 || total
---------------------------+-------+-------++-------
   Fire: Shortbow          |    82 |    43 ||   125
    Use: Scroll            |     2 |     8 ||    10
         Potion            |     1 |       ||     1
 Armour: Ring mail         |     3 |     5 ||     8
  Dodge: Dodged            |    14 |    11 ||    25

Table legend:
 A = Non-vault XP
 B = Vault XP
 C = Vault XP percentage of total XP
 D = Non-vault monster count
 E = Vault monster count
 F = Vault count percentage of total count
                 A         B        C        D         E       F
            +---------+---------+-------+---------+---------+-------
      Total |     105 |      39 |  27.1 |      47 |       3 |   6.0
            +---------+---------+-------+---------+---------+-------
        D:1 |      31 |       0 |   0.0 |      17 |       0 |   0.0
        D:2 |      35 |      37 |  51.4 |      16 |       2 |  11.1
        D:3 |      25 |       2 |   7.4 |      13 |       1 |   7.1
        D:4 |      14 |       0 |   0.0 |       1 |       0 |   0.0
            +---------+---------+-------+---------+---------+-------
